 Dungeon Crawl Stone Soup version 0.30-a0-359-gd0147acb1a (webtiles) character file.

Game seed: 13800259633156258638

11923 pokeman the Eclecticist (level 11, -26/61 HPs)
             Began as a Deep Elf Hedge Wizard on Nov 12, 2022.
             Was a Priest of Vehumet.
             Killed from afar by a deep elf zephyrmancer (28 damage)
             ... with a bolt of lightning
             ... on level 11 of the Dungeon on Nov 13, 2022.
             The game lasted 00:38:05 (12726 turns).

pokeman the Eclecticist (Deep Elf Hedge Wizard)    Turns: 12726, Time: 00:38:06

Health: -26/61     AC: 14    Str:  7    XL:     11   Next: 55%
Magic:  31/33      EV: 10    Int: 24    God:    Vehumet [***...]
Gold:   525        SH:  0    Dex: 14    Spells: 25/43 levels left

rFire   . . .      SeeInvis .    M - +7 mace of Variability {chain chaos}
rCold   . . .      Faith    .    (shield currently unavailable)
rNeg    . . .      Spirit   .    L - +0 swamp dragon scales
rPois   +          Reflect  .    w - +2 hat
rElec   .          Harm     .    (no cloak)
rCorr   .          Rampage  .    (no gloves)
Will    +....                    y - +2 pair of boots
Stlth   ++........               (no amulet)
HPRegen 0.30/turn                a - ring of poison resistance
MPRegen 0.23/turn                F - ring of wizardry

@: no status effects
A: no striking features
a: Renounce Religion


You were on level 11 of the Dungeon.
You worshipped Vehumet.
Vehumet was most pleased with you.
You visited 2 branches of the dungeon, and saw 12 of its levels.
You also visited: Bailey.

You collected 860 gold pieces.
You spent 335 gold pieces at shops.

Inventory:

Hand Weapons
 E - a +0 shortbow
 G - the +3 whip "Gaurubre" {vamp, Fly Str+3}
   (You took it off a spriggan in a bailey)

   It occasionally heals its wielder for a portion of the damage dealt when it
   wounds a living foe.
   Str:       It affects your strength (+3).
   Fly:       It grants you flight.
 I - the +4 long sword "Ucreniam" {venom, rPois Stlth+}
   (You took it off a spriggan in a bailey)

   It poisons the flesh of those it strikes.
   rPois:     It protects you from poison.
   Stlth:     It makes you more stealthy.
 M - the +7 mace of Variability (weapon) {chain chaos}
   (You found it on level 8 of the Dungeon)

   Each time it hits an enemy it has a different, random effect.
   It occasionally unleashes arcs of chaos on nearby creatures upon striking a
   foe.
Armour
 u - +0 steam dragon scales
 w - a +2 hat (worn)
 y - a +2 pair of boots (worn)
 L - +0 swamp dragon scales (worn)
 V - a +1 ring mail of fire resistance
Jewellery
 a - a ring of poison resistance (left hand)
 v - a ring of ice
 D - a ring of resist corrosion
 F - a ring of wizardry (right hand)
 K - a +4 ring of evasion
 P - a +6 ring of strength
 R - the ring "Hapeics" {rPois Int-3 Dex+3 SInv Stlth-}
   (You found it on level 9 of the Dungeon)

   [ring of see invisible]

   Int:       It affects your intelligence (-3).
   Dex:       It affects your dexterity (+3).
   rPois:     It protects you from poison.
   SInv:      It lets you see invisible.
   Stlth:     It makes you less stealthy.
 W - a ring of protection from fire
Wands
 m - a wand of digging (7)
 x - a wand of acid (18)
 A - a wand of flame (28)
 B - a wand of roots (5)
 Q - a wand of charming (1)
 S - a wand of polymorph (3)
Scrolls
 c - 4 scrolls of amnesia {unknown}
 g - 5 scrolls of poison {unknown}
 h - 4 scrolls of fear {unknown}
 j - 5 scrolls of teleportation {unknown}
 k - 9 scrolls of identify {unknown}
 n - 2 scrolls of enchant armour {unknown}
 o - 5 scrolls of vulnerability {unknown}
 p - 3 scrolls of immolation {unknown}
 q - a scroll of noise {unknown}
 s - a scroll of torment {unknown}
 H - 2 scrolls of blinking {unknown}
 T - a scroll of fog {unknown}
 U - a scroll of brand weapon {unknown}
Potions
 b - 5 potions of heal wounds
 d - 2 potions of magic
 e - a potion of haste {unknown}
 f - 2 potions of invisibility {unknown}
 i - 3 potions of brilliance {unknown}
 l - 5 potions of curing
 r - a potion of flight {unknown}
 t - 3 potions of degeneration {unknown}
 z - a potion of lignification {unknown}
 C - 3 potions of might {unknown}
 J - a potion of cancellation {unknown}
 N - a potion of berserk rage {unknown}
 O - 2 potions of mutation {unknown}


   Skills:
 + Level 4.1 Fighting
 - Level 6.0 Armour
 - Level 3.0 Dodging
 - Level 3.0 Stealth
 * Level 16.6 Spellcasting
 + Level 10.4 Conjurations
 - Level 1.1 Summonings
 - Level 1.1 Translocations
 - Level 1.0 Air Magic
 + Level 2.7 Earth Magic
 - Level 1.0 Poison Magic
 - Level 1.0 Evocations


You had 25 spell levels left.
You knew the following spells:

 Your Spells              Type           Power      Damage    Failure   Level
a - Magic Dart            Conj           100%       1d8       1%          1
b - Mephitic Cloud        Conj/Pois/Air  40%        N/A       1%          3
c - Call Imp              Summ           25%        N/A       3%          2
d - Blink                 Tloc           50%        N/A       3%          2
e - Stone Arrow           Conj/Erth      100%       3d13      1%          3
f - Orb of Destruction    Conj           31%        9d10      11%         7

Your spell library contained the following spells:

 Spells                   Type           Power      Damage    Failure   Level
 Hailstorm                Conj/Ice       45%        3d10      1%          3
 Beastly Appendage        Tmut           40%        N/A       3%          1
 Slow                     Hex            80%        N/A       3%          1
 Cigotuvi's Dreadful Rot  Necr/Pois/Air  46%        N/A       3%          2
 Wereblood                Tmut           20%        N/A       4%          2
 Gell's Gravitas          Tloc           25%        N/A       6%          3
 Teleport Other           Tloc           25%        N/A       6%          3
 Portal Projectile        Hex/Tloc       44%        N/A       8%          3
 Spider Form              Tmut/Pois      22%        N/A       8%          3
 Summon Guardian Golem    Hex/Summ       22%        N/A       8%          3
 Tukima's Dance           Hex            20%        N/A       10%         3
 Ice Form                 Ice/Tmut       20%        N/A       30%         4
 Spellforged Servitor     Conj/Summ      23%        N/A       47%         7
 Blade Hands              Tmut           10%        N/A       61%         5
 Dispersal                Tloc           12%        N/A       95%         6
 Simulacrum               Ice/Necr       10%        N/A       99%         6


Dungeon Overview and Level Annotations

Branches:
Dungeon (11/15)            Temple (1/1) D:6            Lair (0/5) D:9
 Bailey (visited)
    Orc: D:9-12

Altars:
Ashenzari
Dithmenos
Fedhas
Gozag
Hepliaklqana
Kikubaaqudgha
Makhleb
Nemelex Xobeh
Okawaru
Qazlal
Ru
Sif Muna
Trog
Uskayaw
Vehumet
Wu Jian
Xom
Yredelemnul
Zin
The Shining One

Shops:
D:3 ![

Annotations:
D:9 exclusions: obsidian statue and orange crystal statue
D:11 Fannar
Temple 2 transporters


Message History

An electric eel comes into view.
The electric eel shoots out a bolt of lightning at you!
The bolt of electricity hits you!
The electric eel shoots out a bolt of lightning at you!
The bolt of electricity hits you!
A deep elf zephyrmancer comes into view.
It is wielding a +0 dagger of freezing.
The deep elf zephyrmancer shouts!
Found 18 gold pieces.
You hear a shout! x2
The electric eel shoots out a bolt of lightning at you!
The bolt of electricity hits you!
Fannar the Cold-Hearted comes into view.
They are wielding a +0 quarterstaff of freezing and wearing a +2 robe of cold resistance.
A deep elf zephyrmancer comes into view.
It is wielding a +0 rapier.
You hear a shout!
Casting: Stone Arrow (safe; 1% risk of failure)
Confirm with . or Enter, or press ? or * to list all spells.
Aiming: Mephitic Cloud (safe; 1% risk of failure)
Press: ? - help, Shift-Dir - straight line The ball explodes into a vile cloud!
The stinking cloud engulfs the electric eel but does no damage.
The deep elf zephyrmancer shouts!
Fannar shouts!
You hear a shout! x2
The electric eel shoots out a bolt of lightning at you!
The bolt of electricity misses you.
The deep elf zephyrmancer gestures at you while chanting.
The bolt of lightning hits you!!
* * * LOW HITPOINT WARNING * * *
You hear a roar!
You hear a shout!
Unknown command.
The electric eel shoots out a bolt of lightning at you!
The bolt of electricity hits you but does no damage.
The electric eel shoots out a bolt of lightning at you!
The bolt of electricity hits you!
* * * LOW HITPOINT WARNING * * *
The deep elf zephyrmancer gestures at you while chanting.
The bolt of lightning misses you.
You hear a shout!
Unknown command.
The deep elf zephyrmancer gestures at you while chanting.
The bolt of lightning hits you!!
You die...

#..°≈~~e~~~
#.e....e. #......#
#......# #......#
#....$.# +......#
###......#
#...@##### #....#
#....#
######....#+##
#....#.......#
#######....'.......#
#..........#.......#
#..........#.......#
#....##....#.......#


You could see Fannar and a deep elf zephyrmancer.

Vanquished Creatures
  Gastronok (D:8)
  Erolcha (D:9)
  A two-headed ogre (Bailey)
  Nergalle (D:10)
  Maurice (D:8)
  A gargoyle (D:11)
  Maggie (D:8)
  A kobold demonologist (D:10)
  A komodo dragon (D:10)
  A troll (D:10)
  Grinder (D:6)
  A shadow (D:10)
  A wraith (D:10)
  5 yaks (D:9)
  4 spriggans (Bailey)
  2 steam dragons
  2 chaos spawn (D:8)
  3 wargs (D:9)
  2 acid dragons
  5 water moccasins
  Duvessa (D:6)
  A sky beast (D:6)
  An ice beast (D:6)
  A black bear (D:5)
  2 orc warriors
  6 ogres
  5 centaurs
  Blork the orc (D:6)
  3 kobold brigands (D:9)
  A bullfrog (D:7)
  3 scorpions
  A necrophage (D:7)
  Dowan (D:6)
  4 killer bees (D:10)
  6 howler monkeys
  2 gnoll boudas
  12 orc priests
  4 hounds
  5 jellies
  A scorpion zombie (D:4)
  An iguana (D:6)
  13 orc wizards
  A hound zombie (D:4)
  10 gnolls
  13 adders
  3 shadow imps
  2 white imps
  3 adder zombies (D:4)
  A worm (D:2)
  A dart slug (D:5)
  30 orcs
  2 ball pythons
  4 endoplasms
  2 giant cockroaches
  15 goblins
  9 hobgoblins
  2 jackals (D:2)
  24 kobolds
  3 quokkas
  3 bats
  2 frilled lizards (D:1)
  3 rats
244 creatures vanquished.

Vanquished Creatures (collateral kills)
  An orc warrior (D:6)
  An orc wizard (D:3)
  An orc (D:3)
3 creatures vanquished.

Vanquished Creatures (others)
  An orc wizard (D:6)
  A gnoll (D:10)
  6 fungi
  2 plants
10 creatures vanquished.

Grand Total: 257 creatures vanquished

Notes
Turn   | Place    | Note
-------+----------+-------------------------------------------
     0 | D:1      | pokeman the Deep Elf Hedge Wizard began the quest for the
                  | Orb.
     0 | D:1      | Reached XP level 1. HP: 10/10 MP: 7/7
   309 | D:1      | Reached XP level 2. HP: 16/16 MP: 2/9
   941 | D:2      | Reached skill level 5 in Spellcasting
  1204 | D:2      | Reached XP level 3. HP: 20/20 MP: 4/11
  1208 | D:2      | Learned a level 3 spell: Mephitic Cloud
  1211 | D:2      | Learned a level 2 spell: Call Imp
  1214 | D:2      | Learned a level 2 spell: Blink
  1517 | D:2      | Reached skill level 1 in Fighting
  1517 | D:2      | Reached skill level 1 in Armour
  1742 | D:3      | Reached XP level 4. HP: 18/25 MP: 1/13
  1861 | D:3      | Found Afocu's Antique Armour Boutique.
  2167 | D:3      | Found Camiuhi's Distillery.
  2175 | D:3      | Bought 2 potions of heal wounds for 140 gold pieces
  2511 | D:3      | Reached XP level 5. HP: 28/29 MP: 10/15
  2657 | D:3      | Reached skill level 6 in Spellcasting
  2772 | D:4      | Reached skill level 1 in Poison Magic
  2868 | D:4      | Reached skill level 1 in Air Magic
  2949 | D:4      | Found a basalt altar of Yredelemnul.
  3134 | D:4      | Reached skill level 1 in Evocations
  3134 | D:4      | Reached XP level 6. HP: 28/34 MP: 1/17
  3660 | D:4      | Reached skill level 7 in Spellcasting
  3826 | D:3      | Bought a pair of glowing boots for 195 gold pieces
  3865 | D:5      | Entered Level 5 of the Dungeon
  4011 | D:5      | Noticed a water moccasin
  4019 | D:5      | Killed a water moccasin
  4020 | D:5      | Reached XP level 7. HP: 37/40 MP: 12/20
  4149 | D:5      | Reached skill level 8 in Spellcasting
  4879 | D:5      | Found a burning altar of Makhleb.
  4879 | D:5      | Noticed a cacodemon
  4882 | D:5      | Noticed a neqoxec
  4882 | D:5      | Noticed a hellwing
  4905 | D:5      | Reached skill level 9 in Spellcasting
  4934 | D:6      | Found a shadowy altar of Dithmenos.
  4992 | D:6      | Found a blossoming altar of Fedhas.
  5004 | D:6      | Noticed Blork the orc
  5064 | D:6      | Killed Blork the orc
  5065 | D:6      | Reached XP level 8. HP: 43/44 MP: 20/23
  5102 | D:6      | Reached skill level 5 in Conjurations
  5223 | D:6      | Reached skill level 10 in Spellcasting
  5311 | D:6      | Found a staircase to the Ecumenical Temple.
  5318 | Temple   | Entered the Ecumenical Temple
  5318 | Temple   | Found a transporter.
  5318 | Temple   | Found a transporter.
  5320 | Temple   | Found a transporter.
  5320 | Temple   | Found a transporter.
  5331 | Temple   | Became a worshipper of Vehumet
  5619 | D:6      | Reached skill level 11 in Spellcasting
  5796 | D:6      | Noticed Grinder
  5838 | D:6      | Killed Grinder
  5839 | D:6      | Reached XP level 9. HP: 39/49 MP: 15/26
  6391 | D:6      | Noticed Dowan
  6392 | D:6      | Noticed Duvessa
  6432 | D:6      | Killed Duvessa
  6435 | D:6      | Killed Dowan
  6910 | D:7      | Reached skill level 12 in Spellcasting
  7696 | D:8      | Found a hide-covered altar of Uskayaw.
  7697 | D:8      | Noticed Maurice
  7796 | D:8      | Found a flagged portal.
  7801 | Bailey   | Entered a bailey
  7931 | Bailey   | Reached * piety under Vehumet
  7931 | Bailey   | Offered knowledge of Freeze by Vehumet.
  7932 | Bailey   | Reached skill level 13 in Spellcasting
  8108 | Bailey   | Identified the +3 whip "Gaurubre" {vamp, Fly Str+3}
  8142 | Bailey   | Reached XP level 10. HP: 42/56 MP: 25/29
  8294 | Bailey   | Identified the +4 long sword "Ucreniam" {venom, rPois
                  | Stlth+}
  8306 | Bailey   | Noticed a two-headed ogre
  8329 | Bailey   | Killed a two-headed ogre
  8445 | D:8      | Reached skill level 14 in Spellcasting
  8567 | D:8      | Found the +7 mace of Variability {chain chaos}
  8569 | D:8      | Found a shimmering altar of Xom.
  8690 | D:8      | Found an iron altar of Okawaru.
  8693 | D:8      | Found a stormy altar of Qazlal.
  8694 | D:8      | Found an ancient bone altar of Kikubaaqudgha.
  8728 | D:8      | Found a glowing silver altar of Zin.
  8882 | D:8      | Noticed Maggie
  8900 | D:8      | Killed Maggie
  8936 | D:8      | Killed Maurice
  9141 | D:8      | Found an ornate altar of the Wu Jian Council.
  9141 | D:8      | Noticed Gastronok
  9159 | D:8      | Killed Gastronok
  9160 | D:8      | Reached skill level 5 in Armour
  9160 | D:8      | Reached skill level 15 in Spellcasting
  9485 | D:9      | Reached ** piety under Vehumet
  9485 | D:9      | Offered knowledge of Poisonous Vapours by Vehumet.
  9576 | D:9      | Identified the ring "Hapeics" {rPois Int-3 Dex+3 SInv
                  | Stlth-}
  9587 | D:9      | Noticed Erolcha
  9598 | D:9      | Killed Erolcha
  9599 | D:9      | Reached XP level 11. HP: 61/61 MP: 27/32
  9914 | D:9      | Found a staircase to the Lair.
 10102 | D:9      | Learned a level 7 spell: Orb of Destruction
 10164 | D:9      | Offered knowledge of Stone Arrow by Vehumet.
 10179 | D:9      | Learned a level 3 spell: Stone Arrow
 10382 | D:9      | Reached skill level 16 in Spellcasting
 10382 | D:9      | Reached skill level 10 in Conjurations
 10618 | D:9      | Noticed an obsidian statue
 10661 | D:9      | Noticed an orange crystal statue
 11038 | D:10     | Entered Level 10 of the Dungeon
 11172 | D:10     | Reached skill level 1 in Earth Magic
 11370 | D:10     | Found a sacrificial altar of Ru.
 11512 | D:10     | Reached *** piety under Vehumet
 11604 | D:10     | Noticed Nergalle
 11616 | D:10     | Killed Nergalle
 12720 | D:11     | Noticed a deep elf zephyrmancer
 12721 | D:11     | Noticed Fannar
 12721 | D:11     | Noticed a deep elf zephyrmancer
 12724 | D:11     | HP: 2/61 [electric eel/bolt of electricity (8)]
 12726 | D:11     | Killed from afar by a deep elf zephyrmancer

Illustrated notes

Levels and vault maps discovered:
D:1:      shiori_shiawase, layout_basic
D:2:      layout_rooms, lightli_corner_chamber
D:3:      corexii_shack_village, layout_basic, serial_shops, nicolae_shop_stone,
          shop
D:4:      layout_loops_cross, nicolae_yredelemnul_corpse_copse
D:5:      layout_gridville, makhleb_altar_promises_db, kennysheep_generic_room_7
D:6:      layout_basic, nicolae_dithmenos_through_a_glass_darkly,
          mainiacjoe_overflow_alcove_4, minmay_temple_entry_ruins,
          uniq_blork_the_orc, uniq_grinder, uniq_duvessa
D:7:      layout_loops_corners
D:8:      layout_loops_ring, nzn_wu_jian_council_hall,
          mainiacjoe_overflow_cross_hatched, grunt_temple_overflow_cloverleaf,
          enter_bailey_3, minmay_guarded_unrand_variability, uniq_maggie,
          uniq_maurice, uniq_gastronok
D:9:      minmay_separated_statues, layout_stronghold,
          erik_lair_orcish_takeover, uniq_erolcha
D:10:     layout_loops_corners, nicolae_ru_sacrificial_ziggurat, uniq_nergalle
D:11:     layout_gridville, hiddenorc2_lemuel, elves_outpost_lemuel,
          uniq_josephine, uniq_harold, uniq_fannar
Temple:   hellmonk_temple_divided_pantheon

Skill      XL: |  1  2  3  4  5  6  7  8  9 10 11 |
---------------+----------------------------------+-----
Spellcasting   | 5 6 7 9 11 13 15 16 | 16.6
Fighting       | 1 2 4 |  4.1
Armour         | 1 2 3 5 6 |  6.0
Conjurations   | 2 3 4 6 8 9 10 | 10.4
Dodging        | 3 |  3.0
Stealth        | 3 |  3.0
Poison Magic   | 1 |  1.0
Air Magic      | 1 |  1.0
Evocations     | 1 |  1.0
Earth Magic    | 2 |  2.7
Summonings     | |  1.1
Translocations | |  1.1

Action                   |  1- 3 |  4- 6 |  7- 9 | 10-12 || total
-------------------------+-------+-------+-------+-------++-------
Melee: Dagger            |    23 |       |       |       ||    23
       Mace              |       |    14 |       |       ||    14
       Flail             |       |    28 |     5 |       ||    33
       Rapier            |       |       |   116 |       ||   116
       Punch             |       |       |     1 |       ||     1
       Great mace        |       |       |       |   116 ||   116
       Long sword        |       |       |       |     6 ||     6
       Whip              |       |       |       |     4 ||     4
 Cast: Magic Dart        |   100 |   126 |   236 |    75 ||   537
       Mephitic Cloud    |     1 |     3 |    29 |    37 ||    70
       Call Imp          |     1 |     1 |     4 |     2 ||     8
       Stone Arrow       |       |       |       |    55 ||    55
       Blink             |       |       |       |     1 ||     1
       Orb of Destructio |       |       |       |     1 ||     1
Evoke: Wand              |     1 |       |     3 |    37 ||    41
 Stab: Confused          |     1 |     2 |    14 |    16 ||    33
       Sleeping          |       |       |     1 |       ||     1
       Paralysed         |       |       |       |     1 ||     1
Armor: Robe              |    10 |     6 |       |       ||    16
       Leather armour    |       |    17 |    30 |       ||    47
       Steam dragon scal |       |       |    47 |     7 ||    54
       Swamp dragon scal |       |       |       |    80 ||    80
       Skin              |       |       |       |     9 ||     9
Dodge: Dodged            |    27 |    34 |   126 |    89 ||   276

Table legend: (Time is in decaauts)
 A = Elapsed time spent in this place.
 B = Non-inter-level travel time spent in this place.
 C = Inter-level travel time spent in this place.
 D = Time resting spent in this place.
 E = Time spent auto-exploring this place.
 F = Levels seen in this place.
 G = Mean time per level.
                   A        B        C        D        E       F      G
               +--------+--------+--------+--------+--------+-----+--------+
         Total |  12866 |  12427 |    439 |    663 |   9504 |  13 |  989.7 |
       Dungeon |  12206 |  11767 |    439 |    428 |   9328 |  11 | 1109.6 |
        Temple |     30 |     30 |      0 |      0 |      0 |   1 |   30.0 |
        Bailey |    628 |    628 |      0 |    235 |    175 |   1 |  628.0 |
               +--------+--------+--------+--------+--------+-----+--------+

Top non-repeatable levels by time:
     D:9: 1729 daAuts
     D:6: 1707 daAuts
    D:10: 1488 daAuts
     D:3: 1169 daAuts
     D:8: 1134 daAuts
     D:4: 1094 daAuts
     D:5: 1065 daAuts
     D:7: 1047 daAuts
     D:1: 911 daAuts
     D:2: 705 daAuts
  Bailey: 628 daAuts
    D:11: 153 daAuts
  Temple: 30 daAuts
